 Dungeon Crawl Stone Soup version 0.32-a0-705-g60f233581c (webtiles) character file.

Game seed: 8460118829305056033

310 mopl the Apothecary (level 6, 0/54 HPs)
             Began as an Octopode Alchemist on Mar 14, 2024.
             Slain by an orc
             ... wielding a +0 hand axe
              (3 damage)
             ... on level 3 of the Dungeon.
             The game lasted 00:03:05 (2058 turns).

mopl the Apothecary (Octopode Alchemist)            Turns: 2058, Time: 00:03:05

Health: 0/54       AC: 23    Str:  8    XL:     6   Next: 41%
Magic:  5/11       EV:  2    Int: 19    God:
Gold:   65         SH:  0    Dex: 12    Spells: 2/12 levels left

rFire   . . .        o - +2 whip (elec)
rCold   . . .        (no shield)
rNeg    . . .        (helmet currently unavailable)
rPois   +            (no amulet)
rElec   .            s - ring of wizardry
rCorr   .            (no ring)
SInv    .            (no ring)
Will    .....        (no ring)
Stlth   +            (no ring)
HPRegen 0.29/turn    (no ring)
MPRegen 0.12/turn    (no ring)
                     (no ring)

%: wizardry (x1)
@: confused, tree-form
A: stationary, stasis, torment immunity, boosted hp, almost no armour,
(amphibious), 8 rings, (camouflage 1), (gelatinous body 1), (nimble swimmer 1),
(tentacles)
a: no special abilities


You were on level 3 of the Dungeon.
You were a tree.
You visited 1 branch of the dungeon, and saw 4 of its levels.

You collected 165 gold pieces.
You spent 100 gold pieces at shops.

Inventory:

Hand Weapons
 o - a +2 whip of electrocution (weapon)
Missiles
 h - 4 boomerangs
Jewellery
 s - a ring of wizardry (left branch)
Wands
 k - a wand of acid (7)
 l - a wand of polymorph (18)
 n - a wand of mindburst (13)
 u - a wand of flame (11)
Scrolls
 c - a scroll of vulnerability {unknown}
 e - a scroll of brand weapon {unknown}
 f - a scroll of revelation {unknown}
 g - 2 scrolls of identify
 i - 3 scrolls of teleportation
 p - a scroll of enchant armour {unknown}
 q - a scroll of immolation
Potions
 a - 2 potions of magic
 b - a potion of might {unknown}
 d - a potion of lignification {!q}
 j - a potion of invisibility {unknown}
 m - a potion of enlightenment {unknown}
 r - a potion of attraction {unknown}


   Skills:
 - Level 2.0 Dodging
 - Level 2.6 Stealth
 + Level 3.8 Spellcasting
 + Level 3.6 Conjurations
 + Level 5.1 Alchemy


You had 2 spell levels left.
You knew the following spells:

 Your Spells              Type           Power      Damage    Failure   Level
a - Sting                 Conj/Alch      80%        1d8       1%          1
b - Mercury Vapours       Alch/Air       26%        N/A       3%          2
c - Mephitic Cloud        Conj/Alch/Air  14%        N/A       5%          3
o - Olgreb's Toxic Radia  Alch           23%        N/A       7%          4

Your spell library contained the following spells:

 Spells                   Type           Power      Damage    Failure   Level
 Sticky Flame             Fire/Alch      13%        2d5       19%         4


Dungeon Overview and Level Annotations

Branches:
Dungeon (4/15)
 Temple: D:4-7

Altars:
The Shining One

Shops:
D:1 ?   D:3 [


Innate Abilities, Weirdness & Mutations

You are a tree.
Your roots penetrate the ground, keeping you stationary.
You cannot be teleported.
You are immune to unholy pain and torment.
Your maximum health is greatly increased.
You cannot wear most types of armour.
((You are amphibious.))
You can wear up to eight rings at the same time.
((Your skin changes colour to match your surroundings (Stealth+).))
((Your rubbery body absorbs attacks. (AC +1, EV +1)))
((You are camouflaged when in or above water. (Stealth+)))
((You have tentacles for arms and can constrict up to eight enemies at once.))


Message History

The rat is poisoned.
You kill the rat! x2
You hear a loud squeak. x4
A rat comes into view.
You hear a loud squeak.
The rat is poisoned.
Your toxic aura wanes.
You hear a loud squeak. x2
A magic dart appears from out of thin air!
The magic dart hits you!
You hear a loud squeak.
You kill the rat!
Something tries to affect you, but you resist.
The orc shouts!
Casting: Olgreb's Toxic Radiance (quite dangerous; 7% risk of failure)
Confirm with . or Enter, or press ? or * to list all spells.
You can't see any susceptible monsters within range! (Use Z to cast anyway.)
Casting: Olgreb's Toxic Radiance (quite dangerous; 7% risk of failure)
Confirm with . or Enter, or press ? or * to list all spells.
You begin to radiate toxic energy.
Unknown command.
You are confused.
Your toxic aura wanes.
You are more confused.
You're too confused to move!
A puff of flame appears from out of thin air!
The puff of flame hits you! The orc attacks as it pursues you!
The orc hits you with a +0 hand axe!
* * * LOW HITPOINT WARNING * * *
Reactivating autopickup.
You feel a bit more experienced. The orc barely misses you.
The orc hits you with a +0 hand axe.
* * * LOW HITPOINT WARNING * * *
It was a potion of lignification.
You turn into a tree.
Your roots penetrate the ground.
The orc hits you but does no damage.
You cannot move. (Use ctrl+direction or * direction to attack while stationary and confused.)
You cannot move. (Use ctrl+direction or * direction to attack while stationary and confused.)
You cannot move. (Use ctrl+direction or * direction to attack while stationary and confused.)
You swing at nothing.
The orc hits you with a +0 hand axe.
You die...

...### #P..⌠....#..## #.
>....##########P..⌠P.###..# #.
...#.........##~......_####.. #.
.††.....#......oP...P### #... #.
.............÷...####.... #... ##
........#.)..)###......P..#...###
####...##......P......P.P.#......
#.....##......o...##########....
#.....##.......♣................
#.....##.....>..................
##)....######......∩.............
#......## #......#.......##....
.###....## #......#.......##....
...#.....####'#######....).#####.
...#...#.#).........#....).......
...#..^#............#...[........
...#...##........................


You could see an orc.

Vanquished Creatures
  A black bear (D:3)
  Ijyb (D:3)
  3 orc wizards (D:3)
  2 adders (D:3)
  4 gnolls (D:2)
  2 ribbon worms
  12 orcs
  2 endoplasms
  A giant cockroach (D:3)
  2 hobgoblins (D:3)
  5 kobolds
  2 quokkas
  6 ball pythons
  3 bats (D:1)
  2 frilled lizards
  A goblin (D:3)
  10 rats
59 creatures vanquished.

Notes
Turn   | Place    | Note
-------+----------+-------------------------------------------
     0 | D:1      | mopl the Octopode Alchemist began the quest for the Orb.
     0 | D:1      | Reached XP level 1. HP: 11/11 MP: 3/3
   428 | D:1      | Found Jiraet's Magic Scroll Shop.
   431 | D:1      | Bought a scroll of identify for 20 gold pieces
   431 | D:1      | Bought a scroll of teleportation for 30 gold pieces
   431 | D:1      | Bought a scroll of noise for 10 gold pieces
   466 | D:1      | Reached XP level 2. HP: 17/17 MP: 3/5
   774 | D:2      | You fall into a shaft and drop 2 floors!
   793 | D:4      | Learned a level 2 spell: Mercury Vapours
   808 | D:3      | Found a glowing golden altar of the Shining One.
   964 | D:2      | Reached XP level 3. HP: 14/21 MP: 1/6
   968 | D:2      | Learned a level 3 spell: Mephitic Cloud
  1311 | D:2      | Reached skill level 2 in Conjurations
  1422 | D:1      | Bought a scroll of immolation for 40 gold pieces
  1482 | D:3      | Reached skill level 4 in Alchemy
  1488 | D:3      | Reached XP level 4. HP: 27/27 MP: 2/8
  1694 | D:3      | Found a faded altar of an unknown god.
  1703 | D:3      | Found Neifatz's Armour Shoppe.
  1726 | D:3      | Reached skill level 3 in Spellcasting
  1755 | D:3      | Noticed Ijyb
  1764 | D:3      | Killed Ijyb
  1764 | D:3      | Noticed a black bear
  1765 | D:3      | Reached XP level 5. HP: 26/31 MP: 4/9
  1783 | D:2      | Learned a level 4 spell: Olgreb's Toxic Radiance
  1810 | D:3      | Killed a black bear
  1811 | D:3      | Reached skill level 3 in Conjurations
  1952 | D:3      | Reached XP level 6. HP: 34/36 MP: 2/11
  1956 | D:3      | Reached skill level 5 in Alchemy
  2056 | D:3      | HP: 1/36 [orc/+0 hand axe (2)]
  2058 | D:3      | Slain by an orc

Illustrated notes

Levels and vault maps discovered:
D:1:      orjb1_lava_funnel, layout_loops_ring, serial_shops,
          nicolae_shop_rolled_up
D:2:      layout_loops_ring, serial_forest, infiniplex_forest_straight_1,
          infiniplex_forest_straight_5, infiniplex_forest_fountain,
          infiniplex_forest_clump_double, infiniplex_forest_lined_room_2,
          infiniplex_forest_straight_5, infiniplex_forest_straight_1,
          infiniplex_forest_straight_2
D:3:      layout_basic, mainiacjoe_overflow_24_doors, tso_altar, serial_shops,
          shop, shapermc_ecumenical_altar_mp_ritualfount, minmay_rat_hole,
          uniq_ijyb
D:4:      layout_loops_ring, kennysheep_generic_room_16

Skill      XL: |  1  2  3  4  5  6 |
---------------+-------------------+-----
Conjurations   | 2 3 |  3.6
Alchemy        | 4 5 |  5.1
Spellcasting   | 3 |  3.8
Dodging        | |  2.0
Stealth        | |  2.6

Action                     |  1- 3 |  4- 6 || total
---------------------------+-------+-------++-------
  Melee: Unarmed           |     4 |       ||     4
         Tentacles         |     5 |     8 ||    13
         Whip              |     3 |    27 ||    30
         Constrict         |     2 |     9 ||    11
   Cast: Sting             |    43 |    23 ||    66
         Olgreb's Toxic Ra |       |     3 ||     3
    Use: Scroll            |     1 |       ||     1
         Potion            |       |     1 ||     1
   Stab: Sleeping          |     1 |       ||     1
 Armour: Skin              |     2 |    22 ||    24
  Dodge: Dodged            |    10 |    21 ||    31

Table legend: (Time is in decaauts)
 A = Elapsed time spent in this place.
 B = Non-inter-level travel time spent in this place.
 C = Inter-level travel time spent in this place.
 D = Time resting spent in this place.
 E = Time spent auto-exploring this place.
 F = Levels seen in this place.
 G = Mean time per level.
                   A        B        C        D        E       F      G
               +--------+--------+--------+--------+--------+-----+--------+
         Total |   2061 |   1869 |    192 |    126 |   1379 |   4 |  515.2 |
       Dungeon |   2061 |   1869 |    192 |    126 |   1379 |   4 |  515.2 |
               +--------+--------+--------+--------+--------+-----+--------+

Top non-repeatable levels by time:
     D:2: 799 daAuts
     D:1: 699 daAuts
     D:3: 542 daAuts
     D:4: 19 daAuts
